% Time on Ice - ANAHEIM OUTLAWS
Lines # - Real PCT - Wanted PCT - Time Play
Normal Forward
1 - 28% - 36% - 13:55
2 - 34% - 31% - 16:53
3 - 27% - 23% - 13:26
4 - 12% - 10% - 5:51
Normal Defense
1 - 36% - 36% - 18:10
2 - 31% - 31% - 15:17
3 - 28% - 23% - 14:04
4 - 5% - 10% - 2:34
PP Forward
1 - 53% - 55% - 4:12
2 - 47% - 45% - 3:44
PP Defense
1 - 55% - 55% - 4:22
2 - 45% - 45% - 3:34
PK Forward
1 - 72% - 55% - 1:26
2 - 28% - 45% - 0:33
PK Defense
1 - 63% - 55% - 1:15
2 - 37% - 45% - 0:44
PK3 Forward
1 - 0% - 55%
2 - 0% - 45%
PK3 Defense
1 - 0% - 55%
2 - 0% - 45%
44 Forward
1 - 0% - 55%
2 - 0% - 45%
44 Defense
1 - 0% - 55%
2 - 0% - 45%
Last Minute Offensive  - 0:00
Last Minute Defensive  - 0:00
Total
Forward - 60:00
Defense - 60:00
% Time on Ice - SASKATOON DUCKS
Lines # - Real PCT - Wanted PCT - Time Play
Normal Forward
1 - 37% - 40% - 18:34
2 - 31% - 37% - 15:37
3 - 20% - 18% - 9:57
4 - 12% - 5% - 5:57
Normal Defense
1 - 36% - 40% - 17:59
2 - 31% - 30% - 15:36
3 - 27% - 20% - 13:26
4 - 6% - 10% - 3:04
PP Forward
1 - 45% - 70% - 0:54
2 - 55% - 30% - 1:05
PP Defense
1 - 63% - 70% - 1:15
2 - 37% - 30% - 0:44
PK Forward
1 - 55% - 55% - 4:22
2 - 45% - 45% - 3:34
PK Defense
1 - 49% - 55% - 3:52
2 - 51% - 45% - 4:04
PK3 Forward
1 - 0% - 55%
2 - 0% - 45%
PK3 Defense
1 - 0% - 55%
2 - 0% - 45%
44 Forward
1 - 0% - 55%
2 - 0% - 45%
44 Defense
1 - 0% - 55%
2 - 0% - 45%
Last Minute Offensive  - 0:00
Last Minute Defensive  - 0:00
Total
Forward - 60:00
Defense - 60:00
Play-by-Play 1st period 0:01 of 1st period - Sidney Crosby wins face-off versus Joey Anderson in neutral zone. 0:10 of 1st period - Shot by Roman Josi. 0:10 of 1st period - Stopped by Jacob Markstrom with a rebound. 0:22 of 1st period - Shot by Jeff Skinner. 0:22 of 1st period - Stopped by Tristan Jarry without a rebound. 0:23 of 1st period - Adrian Kempe wins face-off versus Ryan Strome in SASKATOON DUCKS zone. 0:33 of 1st period - Off-side. 0:34 of 1st period - Paul Stastny wins face-off versus Pius Suter in neutral zone. 0:42 of 1st period - Shot by Phil Kessel. 0:42 of 1st period - Shot Misses the Net. 0:58 of 1st period - Shot by Paul Stastny. 0:58 of 1st period - Deflect By Phil Kessel. 0:58 of 1st period - Shot Blocked by Ian Mitchell. 1:00 of 1st period - Shot by Samuel Girard. 1:00 of 1st period - Shot Misses the Net. 1:02 of 1st period - Shot by Jaycob Megna. 1:02 of 1st period - Shot Misses the Net. 1:57 of 1st period - Shot by Kailer Yamamoto. 1:57 of 1st period - Shot Misses the Net. 1:59 of 1st period - Shot by Brent Burns. 1:59 of 1st period - Shot Misses the Net. 2:01 of 1st period - Shot by Brent Burns. 2:01 of 1st period - Shot Misses the Net. 3:48 of 1st period - Icing by Morgan Rielly. 3:49 of 1st period - Jeff Skinner wins face-off versus Ryan Strome in ANAHEIM OUTLAWS zone. 4:05 of 1st period - Shot by Artemi Panarin. 4:05 of 1st period - Deflect By Kailer Yamamoto. 4:05 of 1st period - Stopped by Jacob Markstrom without a rebound. 4:06 of 1st period - Nils Aman wins face-off versus Jack Quinn in ANAHEIM OUTLAWS zone. 4:14 of 1st period - Shot by Jaycob Megna. 4:14 of 1st period - Stopped by Jacob Markstrom without a rebound. 4:15 of 1st period - Pius Suter wins face-off versus Ryan Strome in ANAHEIM OUTLAWS zone. 4:46 of 1st period - Shot by Kent Johnson. 4:46 of 1st period - Stopped by Tristan Jarry without a rebound. 4:47 of 1st period - Paul Stastny wins face-off versus Kevin Fiala in SASKATOON DUCKS zone. 4:58 of 1st period - Shot by Kevin Fiala. 4:58 of 1st period - Stopped by Tristan Jarry without a rebound. 4:59 of 1st period - Nils Aman wins face-off versus Joey Anderson in SASKATOON DUCKS zone. 5:11 of 1st period - Icing by Roman Josi. 5:12 of 1st period - Nils Aman wins face-off versus Adrian Kempe in SASKATOON DUCKS zone. 5:20 of 1st period - Icing by Jacob Trouba. 5:21 of 1st period - Sidney Crosby wins face-off versus Adrian Kempe in ANAHEIM OUTLAWS zone. 5:47 of 1st period - Minor Penalty to Ivan Barbashev for High sticking. 5:48 of 1st period - Pius Suter wins face-off versus Sidney Crosby in SASKATOON DUCKS zone. 6:07 of 1st period - Shot by Pius Suter. 6:07 of 1st period - Stopped by Tristan Jarry with a rebound. 6:31 of 1st period - Shot by Noah Hanifin. 6:31 of 1st period - Stopped by Tristan Jarry without a rebound. 6:32 of 1st period - Joey Anderson wins face-off versus Sidney Crosby in SASKATOON DUCKS zone. 6:39 of 1st period - Shot by Michael Bunting. 6:39 of 1st period - Shot Misses the Net. 6:47 of 1st period - Morgan Rielly is hit by Sidney Crosby and loses puck. 8:00 of 1st period - Minor Penalty to Rasmus Ristolainen for Holding. 8:01 of 1st period - Ryan Strome wins face-off versus Kent Johnson in ANAHEIM OUTLAWS zone. 8:06 of 1st period - Shot by Brent Burns. 8:06 of 1st period - Stopped by Jacob Markstrom with a rebound. 8:13 of 1st period - Icing by Roman Josi. 8:14 of 1st period - Jason Zucker wins face-off versus Kent Johnson in SASKATOON DUCKS zone. 8:21 of 1st period - Shot by Roman Josi. 8:21 of 1st period - Deflect By Ryan Strome. 8:21 of 1st period - Stopped by Jacob Markstrom without a rebound. 8:22 of 1st period - Sidney Crosby wins face-off versus Jeff Skinner in ANAHEIM OUTLAWS zone. 8:37 of 1st period - Shot by Sidney Crosby. 8:37 of 1st period - Deflect By Ivan Barbashev. 8:37 of 1st period - Stopped by Jacob Markstrom with a rebound. 8:39 of 1st period - Shot by Brent Burns. 8:39 of 1st period - Stopped by Jacob Markstrom without a rebound. 8:40 of 1st period - Ryan Strome wins face-off versus Pius Suter in ANAHEIM OUTLAWS zone. 8:45 of 1st period - Shot by Jason Zucker. 8:45 of 1st period - Stopped by Jacob Markstrom without a rebound. 8:46 of 1st period - Sidney Crosby wins face-off versus Kent Johnson in ANAHEIM OUTLAWS zone. 8:51 of 1st period - Shot by Brent Burns. 8:51 of 1st period - Shot Misses the Net. 9:07 of 1st period - Shot by Brent Burns. 9:07 of 1st period - Stopped by Jacob Markstrom with a rebound. 9:21 of 1st period - Shot by Sidney Crosby. 9:21 of 1st period - Stopped by Jacob Markstrom without a rebound. 9:22 of 1st period - Ryan Strome wins face-off versus Jeff Skinner in ANAHEIM OUTLAWS zone. 9:23 of 1st period - Shot by Kevin Shattenkirk. 9:23 of 1st period - Stopped by Jacob Markstrom without a rebound. 9:24 of 1st period - Ryan Strome wins face-off versus Kent Johnson in ANAHEIM OUTLAWS zone. 11:52 of 1st period - Shot by Roman Josi. 11:52 of 1st period - Shot Blocked by Henri Jokiharju. 11:54 of 1st period - Shot by Ivan Barbashev. 11:54 of 1st period - Stopped by Jacob Markstrom with a rebound. 11:56 of 1st period - Shot by Roman Josi. 11:56 of 1st period - Shot Misses the Net. 11:58 of 1st period - Shot by Ivan Barbashev. 11:58 of 1st period - Stopped by Jacob Markstrom with a rebound. 12:06 of 1st period - Shot by Sidney Crosby. 12:06 of 1st period - Stopped by Jacob Markstrom without a rebound. 12:07 of 1st period - Adrian Kempe wins face-off versus Paul Stastny in ANAHEIM OUTLAWS zone. 12:37 of 1st period - Shot by Phil Kessel. 12:37 of 1st period - Shot Misses the Net. 12:39 of 1st period - Shot by Samuel Girard. 12:39 of 1st period - Stopped by Jacob Markstrom without a rebound. 12:40 of 1st period - Sidney Crosby wins face-off versus Kent Johnson in ANAHEIM OUTLAWS zone. 12:41 of 1st period - Shot by Ivan Barbashev. 12:41 of 1st period - Stopped by Jacob Markstrom without a rebound. 12:42 of 1st period - Sidney Crosby wins face-off versus Kent Johnson in ANAHEIM OUTLAWS zone. 13:03 of 1st period - Shot by Kent Johnson. 13:03 of 1st period - Shot Misses the Net. 13:30 of 1st period - Off-side. 13:31 of 1st period - Adrian Kempe wins face-off versus Ryan Strome in neutral zone. 13:33 of 1st period - Off-side. 13:34 of 1st period - Ryan Strome wins face-off versus Adrian Kempe in neutral zone. 13:46 of 1st period - Icing by Jacob Trouba. 13:47 of 1st period - Mathieu Joseph wins face-off versus Adrian Kempe in ANAHEIM OUTLAWS zone. 14:29 of 1st period - Shot by Adrian Kempe. 14:29 of 1st period - Shot Misses the Net. 14:31 of 1st period - Shot by Michael Bunting. 14:31 of 1st period - Stopped by Tristan Jarry with a rebound. 14:54 of 1st period - Pierre Engvall is hit by Samuel Girard and loses puck. 15:07 of 1st period - Shot by Kevin Fiala. 15:07 of 1st period - Deflect By Pierre Engvall. 15:07 of 1st period - Stopped by Tristan Jarry without a rebound. 15:08 of 1st period - Ryan Strome wins face-off versus Pius Suter in SASKATOON DUCKS zone. 15:37 of 1st period - Shot by Jack Quinn. 15:37 of 1st period - Shot Hit the Post. 15:39 of 1st period - Shot by Pius Suter. 15:39 of 1st period - Stopped by Tristan Jarry without a rebound. 15:40 of 1st period - Joey Anderson wins face-off versus Sidney Crosby in SASKATOON DUCKS zone. 15:57 of 1st period - Morgan Rielly is hit by Jason Zucker and loses puck. 17:07 of 1st period - Shot by Artemi Panarin. 17:07 of 1st period - Shot Misses the Net. 17:33 of 1st period - Samuel Girard is hit by Joey Anderson and loses puck. 17:57 of 1st period - Icing by Jacob Trouba. 17:58 of 1st period - Sidney Crosby wins face-off versus Joey Anderson in ANAHEIM OUTLAWS zone. 19:08 of 1st period - Shot by Michael Bunting. 19:08 of 1st period - Shot Misses the Net. 19:16 of 1st period - Shot by Carter Verhaeghe. 19:16 of 1st period - Goal by Carter Verhaeghe - ANAHEIM OUTLAWS : 1 - SASKATOON DUCKS : 0. 19:17 of 1st period - Paul Stastny wins face-off versus Kent Johnson in neutral zone. Goals for this period are 1 for ANAHEIM OUTLAWS vs 0 for SASKATOON DUCKS. Shots for this period are 9 for ANAHEIM OUTLAWS vs 16 for SASKATOON DUCKS. 2nd period 0:01 of 2nd period - Adrian Kempe wins face-off versus Ryan Strome in neutral zone. 1:25 of 2nd period - Shot by Kent Johnson. 1:25 of 2nd period - Stopped by Tristan Jarry without a rebound. 1:26 of 2nd period - Paul Stastny wins face-off versus Kevin Fiala in SASKATOON DUCKS zone. 2:41 of 2nd period - Shot by Jason Zucker. 2:41 of 2nd period - Stopped by Jacob Markstrom without a rebound. 2:42 of 2nd period - Ryan Strome wins face-off versus Adrian Kempe in ANAHEIM OUTLAWS zone. 2:42 of 2nd period - Roman Josi is hit by Henri Jokiharju and loses puck. 3:40 of 2nd period - Shot by Sidney Crosby. 3:40 of 2nd period - Stopped by Jacob Markstrom without a rebound. 3:41 of 2nd period - Pius Suter wins face-off versus Sidney Crosby in ANAHEIM OUTLAWS zone. 3:47 of 2nd period - Shot by Jake Sanderson. 3:47 of 2nd period - Stopped by Jacob Markstrom without a rebound. 3:48 of 2nd period - Sidney Crosby wins face-off versus Pius Suter in ANAHEIM OUTLAWS zone. 4:31 of 2nd period - Shot by Sidney Crosby. 4:31 of 2nd period - Stopped by Jacob Markstrom with a rebound. 4:33 of 2nd period - Shot by Ivan Barbashev. 4:33 of 2nd period - Shot Blocked by Morgan Rielly. 4:40 of 2nd period - Off-side. 4:41 of 2nd period - Ryan Strome wins face-off versus Jeff Skinner in neutral zone. 5:46 of 2nd period - Off-side. 5:47 of 2nd period - Adrian Kempe wins face-off versus Anthony Duclair in neutral zone. 6:15 of 2nd period - Icing by Morgan Rielly. 6:16 of 2nd period - Sidney Crosby wins face-off versus Carter Verhaeghe in ANAHEIM OUTLAWS zone. 6:25 of 2nd period - Icing by Morgan Rielly. 6:26 of 2nd period - Carter Verhaeghe wins face-off versus Ryan Strome in ANAHEIM OUTLAWS zone. 6:26 of 2nd period - Carter Verhaeghe is hit by Kailer Yamamoto. 6:32 of 2nd period - Kevin Shattenkirk is hit by Adrian Kempe. 7:10 of 2nd period - Icing by Roman Josi. 7:11 of 2nd period - Ryan Strome wins face-off versus Joey Anderson in SASKATOON DUCKS zone. 7:40 of 2nd period - Shot by Jeff Skinner. 7:40 of 2nd period - Shot Misses the Net. 8:23 of 2nd period - Shot by Samuel Girard. 8:23 of 2nd period - Deflect By Phil Kessel. 8:23 of 2nd period - Stopped by Jacob Markstrom without a rebound. 8:24 of 2nd period - Adrian Kempe wins face-off versus